 Dungeon Crawl Stone Soup version 0.28-b1-1-g3c77fb2ed1 (webtiles) character file.

Game seed: 10283872956312324471

11 cayde69 the Grave Robber (level 2, -2/19 HPs)
             Began as a Mummy Necromancer on Jan 28, 2022.
             Slain by a gnoll (3 damage)
             ... on level 1 of the Dungeon.
             The game lasted 00:06:21 (667 turns).

cayde69 the Grave Robber (Mummy Necromancer)         Turns: 667, Time: 00:06:22

Health: -2/19      AC:  3    Str: 11    XL:     2   Next: 17%
Magic:  4/6        EV: 10    Int: 14    God:
Gold:   20         SH:  6    Dex: 12    Spells: 6/7 levels left

rFire   x . .      SeeInvis .   e - +0 short sword
rCold   + . .      Faith    .   c - +0 kite shield
rNeg    + + +      Spirit   .   a - +1 robe
rPois   ∞          Reflect  .   (no helmet)
rElec   .          Harm     .   (no cloak)
rCorr   .          Rampage  .   (no gloves)
Will    .....                   (no boots)
Stlth   ++........              (no amulet)
HPRegen 0.06/turn               (no ring)
MPRegen 0.10/turn               (no ring)

@: no status effects
A: cold resistance 1, negative energy resistance 3, torment resistance 2, heat
vulnerability 1, no potions
a: no special abilities


You were on level 1 of the Dungeon.
You visited 1 branch of the dungeon, and saw 1 of its levels.

You collected 20 gold pieces.

Inventory:

Hand Weapons
 e - a +0 short sword (weapon)
Armour
 a - a +1 robe (worn)
 c - a +0 kite shield (worn)


   Skills:
 - Level 1.5 Dodging
 - Level 1.5 Stealth
 + Level 3.0 Spellcasting
 + Level 4.4 Necromancy


You had 6 spell levels left.
You knew the following spells:

 Your Spells              Type           Power      Damage    Failure   Level
a - Pain                  Necr           56%        1d6       13%         1

Your spell library contained the following spells:

 Spells                   Type           Power      Damage    Failure   Level
 Animate Skeleton         Necr           28%        N/A       13%         1
 Vampiric Draining        Necr           14%        2d7       36%         3
 Sandblast                Erth           4%         2d4       61%         1
 Passwall                 Tmut/Erth      1%         N/A       75%         2
 Animate Dead             Necr           7%         N/A       77%         4
 Stone Arrow              Conj/Erth      4%         3d7       93%         3
 Agony                    Necr           14%        N/A       98%         5


Dungeon Overview and Level Annotations

Branches:
Dungeon (1/15)

Altars:


Innate Abilities, Weirdness & Mutations

You are immune to poison.
Your flesh is cold resistant. (rC+)
You are immune to negative energy. (rN+++)
You are immune to unholy pain and torment.
You are vulnerable to heat. (rF-)
You do not drink.


Message History

Press: ? - help, Shift-Dir - straight line, f - gnoll
Aim: a gnoll, wielding a +0 whip (chance to affect: 78%)
The gnoll writhes in agony.
Casting: Pain (safe; 13% risk of failure)
Confirm with . or Enter, or press ? or * to list all spells.
Aiming: Pain (safe; 13% risk of failure)
Press: ? - help, Shift-Dir - straight line, f/p - gnoll
Aim: a gnoll, wielding a +0 whip (lightly wounded, chance to affect: 78%)
The gnoll barely resists.
You block the gnoll's attack.
You closely miss the frilled lizard.
The frilled lizard completely misses you.
The gnoll hits you with a +0 whip!
A hobgoblin comes into view.
The gnoll hits you with a +0 whip.
* * * LOW HITPOINT WARNING * * *
The frilled lizard closely misses you.
As you read the scroll labelled ISUH GATTO ZEPI, it crumbles to dust.
It is a scroll of enchant armour.
Your +0 robe glows green for a moment.
The frilled lizard closely misses you. You block the gnoll's attack.
Blink to where?
Press: ? - help, Dir - move target, p - gnoll
Okay, then.
As you read the scroll labelled ULADEHO TEKH, it crumbles to dust.
It was a scroll of blinking.
The frilled lizard bites you but does no damage.
The gnoll hits you with a +0 whip.
* * * LOW HITPOINT WARNING * * *
As you read the scroll labelled VUMOCO MINNONK, it crumbles to dust.
The creatures around you are filled with an inner flame!
It was a scroll of immolation.
The frilled lizard closely misses you. The gnoll barely misses you.
You barely miss the frilled lizard.
The hobgoblin shouts!
You block the frilled lizard's attack. The gnoll barely misses you.
As you read the scroll labelled ZON ENANOCIEMY, it crumbles to dust.
It is a scroll of identify.
You don't have any unidentified items.
The gnoll hits you with a +0 whip.
You die...

.##########..###################
...†.######..# .###.##...#..#
...#.##.#....# .#.#.##.#...>#
##### ##.#....##...# .....
##÷#######...# ...... ......#
##### ###...... ......##
#@g..g... .......######
#l#...... .......#....####.#
.##.. .......##........# .#
..........#.###..# #
......###.#.#....#
......##....#.##.#
......##.#..#. ..# .######.....#
...


You could see a gnoll (inner flame), a hobgoblin (inner flame) and a frilled
lizard (inner flame).

Vanquished Creatures
  A dart slug (D:1)
  A ball python (D:1)
  An endoplasm (D:1)
  A hobgoblin (D:1)
  A kobold (D:1)
  A bat (D:1)
  A goblin (D:1)
  3 rats (D:1)
10 creatures vanquished.

Vanquished Creatures (others)
  2 withered plants (D:1)
2 creatures vanquished.

Grand Total: 12 creatures vanquished

Notes
Turn   | Place    | Note
-------+----------+-------------------------------------------
     0 | D:1      | cayde69 the Mummy Necromancer began the quest for the Orb.
     0 | D:1      | Reached XP level 1. HP: 13/13 MP: 4/4
   172 | D:1      | Found a faded altar of an unknown god.
   407 | D:1      | Reached XP level 2. HP: 12/19 MP: 0/6
   667 | D:1      | Slain by a gnoll

Illustrated notes

Levels and vault maps discovered:
D:1:      dpeg_arrival_castle, layout_basic,
          shapermc_ecumenical_altar_flowoftime, minmay_tetromino_i4

Skill      XL: |  1 |
---------------+----+-----
Spellcasting   | 3 |  3.0
Dodging        | |  1.5
Stealth        | |  1.5
Necromancy     | |  4.4

Action                   || total
-------------------------++-------
Melee: Short sword       ||    12
 Cast: Pain              ||    22
  Use: Scroll            ||     4
Armor: Robe              ||     1
Dodge: Dodged            ||    12
Block: Kite shield       ||     6
